 Dungeon Crawl Stone Soup version 0.31.0-4-g52a2dc7128 (webtiles) character file.

Game seed: 15520760656193987353

8969 Gabide the Gouger (level 11, 0/58 HPs)
             Began as a Felid Fighter on Jan 21, 2024.
             Was an Initiate of Ashenzari.
             Killed from afar by an electric eel (8 damage)
             ... with a bolt of electricity
             ... on level 10 of the Dungeon.
             The game lasted 00:26:52 (10709 turns).

Gabide the Gouger (Felid Fighter)                  Turns: 10709, Time: 00:26:53

Health: 0/58       AC:  2    Str: 16    XL:     11   Next: 16%
Magic:  0/22       EV: 22    Int: 11    God:    Ashenzari [......]
Gold:   227        SH:  0    Dex: 17    Spells: 24/24 levels left
                                        Lives:  0   Deaths: 3

rFire   . .          .
                       - Unarmed
rCold   . . .        (shield unavailable)
rNeg    . . .        (body armour unavailable)
rPois   .            (helmet unavailable)
rElec   .            (cloak unavailable)
rCorr   .            (gloves unavailable)
SInv    +            (boots unavailable)
Will    +....        j - amulet of the Imp {Spirit Slay+3}
Stlth   +++          (no ring)
HPRegen 0.29/turn    (no ring)
MPRegen 0.18/turn

%: guardian spirit
@: no status effects
A: very small, claws 1, fangs 3, see invisible, shaggy fur 2, stealthy paws, no
weapons or thrown items, no armour, multi-lived
a: Renounce Religion, Curse Item


You were on level 10 of the Dungeon.
You worshipped Ashenzari.
Ashenzari was noncommittal.
You visited 2 branches of the dungeon, and saw 11 of its levels.

You collected 414 gold pieces.
You spent 187 gold pieces at shops.

Inventory:

Jewellery
 j - the amulet of the Imp (around neck) {Spirit Slay+3}
   (You acquired it on level 4 of the Dungeon)

   [amulet of guardian spirit]

   Spirit:    It causes incoming damage to be divided between your reserves of
   health and magic.
   Slay+3:    It affects your accuracy & damage with ranged weapons and melee
   (+3).
 l - an amulet of reflection
 v - a ring of fire
Talismans
 h - a maw talisman
Wands
 e - a wand of mindburst (6)
 f - a wand of flame (17) (quivered)
Scrolls
 a - 3 scrolls of blinking
 b - 2 scrolls of vulnerability
 i - 2 scrolls of teleportation
 k - a scroll of fog
 p - a scroll of identify
 s - a scroll of poison
 u - a scroll of fear
Potions
 c - a potion of enlightenment
 d - 2 potions of brilliance
 g - a potion of attraction
 m - a potion of lignification
 n - a potion of mutation
 o - a potion of ambrosia
 q - a potion of might
 r - a potion of haste
 t - 3 potions of heal wounds


   Skills:
 + Level 7.2 Fighting
 + Level 7.9 Dodging
 - Level 6.0 Stealth
 * Level 13.1 Unarmed Combat
 + Level 7.0 Spellcasting


You had 24 spell levels left.
You didn't know any spells.
Your spell library contained the following spells:

 Spells                   Type           Power      Damage    Failure   Level
 Volatile Blastmotes      Fire/Tloc      6%         2d10      45%         3
 Fulminant Prism          Conj/Alch      1%         3d5       86%         4
 Iskenderun's Mystic Bla  Conj/Tloc      3%         2d3       86%         4


Dungeon Overview and Level Annotations

Branches:
Dungeon (10/15)            Temple (1/1) D:5            Lair (0/5) D:10
    Orc: D:9-12

Altars:
Ashenzari
Cheibriados
Dithmenos
Elyvilon
Fedhas
Gozag
Hepliaklqana
Kikubaaqudgha
Makhleb
Nemelex Xobeh
Okawaru
Qazlal
Ru
Sif Muna
Trog
Uskayaw
Vehumet
Wu Jian
Xom
Yredelemnul
Zin
The Shining One

Shops:
D:6 **


Innate Abilities, Weirdness & Mutations

You have sharp claws.
You have razor-sharp teeth.
You have supernaturally acute eyesight. (SInv)
You are covered in thick fur. (AC +2)
Your paws help you pounce on unaware monsters.
You are incapable of wielding weapons or throwing items.
You cannot wear armour.
You gain extra lives every three experience levels.


Message History

e - a wand of mindburst (6)
v - a ring of fire
Found a falchion.
A centaur comes into view.
A centaur is nearby!
You see here a +0 whip.
An electric eel comes into view.
An electric eel comes into view.
The electric eel shoots out a bolt of lightning at you!
The bolt of electricity hits you!
The electric eel shoots out a bolt of lightning at you!
The bolt of electricity hits you!
The centaur shouts!
The centaur closely misses you. x2; The centaur completely misses you.
The centaur closely misses you.
You claw the centaur!
The centaur is heavily wounded.
The electric eel shoots out a bolt of lightning at you!
The bolt of electricity misses you. The centaur misses you.
The centaur barely misses you.
You claw the centaur!
You kill the centaur!
The electric eel shoots out a bolt of lightning at you!
The bolt of electricity hits you!
The electric eel shoots out a bolt of lightning at you!
The bolt of electricity hits you!
The electric eel shoots out a bolt of lightning at you!
The bolt of electricity hits you!
You see here a +0 orcbow.
The electric eel shoots out a bolt of lightning at you!
The bolt of electricity hits you.
The electric eel shoots out a bolt of lightning at you!
The bolt of electricity hits you!
* * * LOW HITPOINT WARNING * * *
The electric eel shoots out a bolt of lightning at you!
The bolt of electricity hits you!
* * * LOW HITPOINT WARNING * * *
The electric eel shoots out a bolt of lightning at you!
The bolt of electricity hits you!
You die...

#P~P~~~~ #~~~~P~♣# ######
#~~S.~PS# .....##### #.....#
....))...# #.....#
~..†###..###..).)######
#≈~#...#..##......)...#########
#~≈#.⌠.#..######....).........#
#≈≈#...#..### #@######.......###
~≈≈≈###.....####.#....#..........
≈≈≈≈~............#)...#..........
≈≈≈≈~............#....#..........
≈≈≈≈###).+###....#....#.......###
#≈≈#...#....#....#....'.......#
#≈≈#.⌠.#....#....####'#.......#
#~≈#...#....#.................#
~..~###.....#........#####....#


You could see 2 electric eels.

Vanquished Creatures
  A two-headed ogre (D:9)
  A cyclops (D:9)
  3 gargoyles
  Maggie (D:7)
  A kobold demonologist (D:8)
  2 hornets (D:9)
  Prince Ribbit (D:9)
  14 yaks
  A wyvern (D:9)
  A steam dragon (D:7)
  2 vampire mosquitoes
  2 acid dragons
  A black bear (D:7)
  2 sky beasts
  An ice beast (D:7)
  An ogre (D:6)
  5 centaurs
  2 phantoms (D:4)
  4 kobold brigands
  4 bullfrogs
  Blork the orc (D:6)
  A gnoll sergeant (D:6)
  A scorpion (D:5)
  12 wights
  4 killer bees
  An electric eel (D:10)
  2 howler monkeys (D:10)
  A hound (D:4)
  2 bombardier beetles
  A jelly (D:4)
  Jessica (D:2)
  4 iguanas
  Terence (D:1)
  Natasha (thrice) (D:3)
  4 orc wizards
  Robin (D:2)
  8 gnolls
  5 adders
  2 shadow imps (D:6)
  2 white imps
  2 dart slugs (D:1)
  2 ribbon worms (D:3)
  9 orcs
  8 ball pythons
  7 endoplasms
  2 giant cockroaches (D:1)
  15 goblins
  10 hobgoblins
  5 quokkas
  8 bats
  4 frilled lizards
  23 kobolds
  5 rats
207 creatures vanquished.

Notes
Turn   | Place    | Note
-------+----------+-------------------------------------------
     0 | D:1      | Gabide the Felid Fighter began the quest for the Orb.
     0 | D:1      | Reached XP level 1. HP: 12/12 MP: 2/2
   172 | D:1      | Reached XP level 2. HP: 16/16 MP: 3/3
   552 | D:1      | Reached XP level 3. HP: 20/20 MP: 4/4
   704 | D:2      | Noticed Terence
   704 | D:2      | Noticed Jessica
   719 | D:1      | Killed Terence
   726 | D:2      | Killed Jessica
   727 | D:2      | Reached skill level 5 in Unarmed Combat
   727 | D:2      | Reached XP level 4. HP: 15/25 MP: 5/5
   727 | D:2      | Gained a life (2 lives remaining)
  1075 | D:2      | Noticed Robin
  1088 | D:2      | Reached skill level 5 in Dodging
  1097 | D:2      | Killed Robin
  1419 | D:2      | Reached XP level 5. HP: 29/29 MP: 6/6
  1481 | D:3      | Found a shadowy altar of Dithmenos.
  1617 | D:3      | Noticed Natasha
  1626 | D:3      | Killed Natasha
  2528 | D:3      | Noticed Natasha
  2538 | D:3      | Killed Natasha
  3683 | D:3      | Noticed Natasha
  3690 | D:3      | Killed Natasha
  3691 | D:3      | Reached skill level 1 in Stealth
  3876 | D:4      | Noticed a phantom
  3889 | D:4      | Killed a phantom
  3890 | D:4      | Gained mutation: You are covered in thick fur. (AC +2)
                  | [Felid growth]
  3890 | D:4      | Reached XP level 6. HP: 17/33 MP: 7/7
  4248 | D:4      | Reached skill level 6 in Unarmed Combat
  4381 | D:5      | Entered Level 5 of the Dungeon
  4385 | D:4      | Identified a scroll of acquirement
  4385 | D:4      | Acquired the amulet of the Imp {Spirit Slay+3}
  4644 | D:5      | Reached XP level 7. HP: 38/38 MP: 8/8
  4667 | D:5      | Reached skill level 1 in Spellcasting
  4701 | D:5      | Found a staircase to the Ecumenical Temple.
  4710 | Temple   | Entered the Ecumenical Temple
  4726 | Temple   | Became a worshipper of Ashenzari the Shackled
  4940 | D:4      | Reached skill level 7 in Unarmed Combat
  5104 | D:5      | Reached skill level 5 in Fighting
  5432 | D:6      | Found a sparkling altar of Nemelex Xobeh.
  5602 | D:6      | Reached XP level 8. HP: 39/43 MP: 10/12
  5651 | D:6      | Found a basalt altar of Yredelemnul.
  5664 | D:6      | Reached skill level 5 in Stealth
  6222 | D:6      | Found Peimp's Assorted Antiques.
  6230 | D:6      | Bought a scroll of identify for 54 gold pieces
  6230 | D:6      | Bought a potion of curing for 81 gold pieces
  6230 | D:6      | Bought a scroll labelled TUSTRE NUDAUTT for 27 gold pieces
  6256 | D:6      | Reached skill level 8 in Unarmed Combat
  6426 | D:6      | Found Pupoinwen's Assorted Antiques.
  6432 | D:6      | Bought a puce potion for 25 gold pieces
  6470 | D:6      | Noticed Blork the orc
  6485 | D:6      | Killed Blork the orc
  7162 | D:7      | Reached XP level 9. HP: 26/48 MP: 8/15
  7165 | D:7      | Reached skill level 9 in Unarmed Combat
  7393 | D:7      | Noticed Maggie
  7507 | D:7      | Killed Maggie
  7578 | D:7      | Found a glowing silver altar of Zin.
  7679 | D:7      | Noticed a gargoyle
  7696 | D:7      | Killed a gargoyle
  7697 | D:7      | Reached skill level 10 in Unarmed Combat
  7707 | D:7      | Slain by an iguana
  7707 | D:7      | Lost a life (1 life remaining)
  7718 | D:7      | Reached skill level 5 in Spellcasting
  8122 | D:8      | Noticed a kobold demonologist
  8131 | D:8      | Killed a kobold demonologist
  8163 | D:8      | Reached skill level 11 in Unarmed Combat
  8450 | D:9      | Paralysed by a hornet for 1 turns
  8456 | D:9      | Reached XP level 10. HP: 41/53 MP: 17/19
  8456 | D:9      | Gained a life (2 lives remaining)
  8460 | D:9      | Noticed a cyclops
  8477 | D:9      | Killed a cyclops
  8537 | D:9      | Found a burning altar of Makhleb.
  8538 | D:9      | Noticed a cacodemon
  8549 | D:9      | Found an iron altar of Okawaru.
  8684 | D:9      | Reached skill level 12 in Unarmed Combat
  9063 | D:9      | Found a hide-covered altar of Uskayaw.
  9121 | D:9      | Noticed Prince Ribbit
  9128 | D:9      | Killed Prince Ribbit
  9231 | D:9      | Noticed a two-headed ogre
  9553 | D:9      | Killed a two-headed ogre
  9915 | D:10     | Entered Level 10 of the Dungeon
  9921 | D:10     | Noticed a gargoyle
  9934 | D:10     | Killed a gargoyle
  9954 | D:9      | Reached XP level 11. HP: 9/58 MP: 2/22
 10339 | D:10     | Reached skill level 13 in Unarmed Combat
 10416 | D:10     | Slain by a gargoyle
 10416 | D:10     | Lost a life (1 life remaining)
 10612 | D:10     | Found a staircase to the Lair.
 10624 | D:10     | Paralysed by a hornet for 1 turns
 10631 | D:10     | Slain by a hornet
 10631 | D:10     | Lost a life (0 lives remaining)
 10709 | D:10     | Killed from afar by an electric eel

Illustrated notes

Levels and vault maps discovered:
D:1:      dpeg_arrival_rooms_c, layout_basic
D:2:      layout_rooms, grunt_decor_junction, nicolae_underground_beach,
          uniq_terence, uniq_jessica, uniq_robin
D:3:      layout_basic, nicolae_dithmenos_the_darkroom, chequers_garden,
          kennysheep_donut, corexii_hall_statues_x, dreamdust_princess_corridor,
          corexii_corridor_pit, corexii_corridor_pit, uniq_natasha
D:4:      layout_basic
D:5:      layout_rooms, minmay_temple_entry_junction
D:6:      layout_basic, mainiacjoe_overflow_large_starburst, serial_shops,
          nicolae_shop_rolling_square, shop, lexackson_kobold_supper,
          uniq_blork_the_orc
D:7:      layout_basic, zin_statuary, uniq_maggie
D:8:      layout_basic
D:9:      layout_loops_corners, okawaru_metal_pillars_1_2, old_standard_altar,
          makhleb_altar_promises_db, dk_vineyard_2, uniq_prince_ribbit1
D:10:     layout_irregular_city, dpeg_oklobed_lair, serial_bayou,
          serial_bayou_pond_e, serial_bayou_shore_a, serial_bayou_lagoon_a,
          serial_bayou_shore_b, fountainhead
Temple:   nicolae_temple_superstar

Skill      XL: |  1  2  3  4  5  6  7  8  9 10 11 |
---------------+----------------------------------+-----
Unarmed Combat | 5 6 7 8 11 12 13 | 13.1
Dodging        | 5 6 7 |  7.9
Fighting       | 4 5 6 7 |  7.2
Stealth        | 1 3 4 6 |  6.0
Spellcasting   | 2 3 5 6 7 |  7.0

Action                     |  1- 3 |  4- 6 |  7- 9 | 10-12 || total
---------------------------+-------+-------+-------+-------++-------
  Melee: Unarmed           |    56 |   161 |   247 |   177 ||   641
         Bite              |     4 |    13 |    36 |    27 ||    80
         Punch             |     1 |     3 |    12 |    10 ||    26
  Evoke: Wand              |       |     1 |    16 |       ||    17
    Use: Potion            |     1 |     2 |     5 |     3 ||    11
         Scroll            |       |    12 |    10 |     3 ||    25
   Stab: Sleeping          |       |     2 |    10 |     3 ||    15
         Distracted        |       |       |     1 |       ||     1
 Armour: Skin              |    11 |    54 |   108 |    80 ||   253
  Dodge: Dodged            |    39 |   128 |   245 |   126 ||   538
         Form:             |       |     1 |       |       ||     1
         Maw               |       |     1 |       |       ||     1
